Map: Abyssal Reef LE

Players

Pokebunny - Winner!

  • Race: Terran Terran
  • Spawn Location: 11:00

UpATree

  • Race: Terran Terran
  • Spawn Location: 5:00

Event: WCS Montreal 2017

VOD

Have the link to the VOD?

Description

Time

  • Played on: Sept. 8, 2017, 11:34 a.m.
  • Length: 12:07

All games in this series

Show
View Real Time Build Order
Export as new Build Order

Pokebunny Terran - Winner!

Build Orders: 1/1/1, Cyclone Opening, Bio Tank 

Get SALT Encoding   

  12  0:00  SCV  
  13  0:13  SCV  
  14  0:17  Supply Depot  
  14  0:25  SCV  
  15  0:29  Refinery  
  15  0:38  SCV  
  16  0:45  Barracks  
  16  0:50  SCV  
  16  0:56  Refinery  
  17  1:02  SCV  
  18  1:15  SCV  
  19  1:31  Orbital Command  
  19  1:32  Reaper  
  20  1:36  Factory  
  20  1:47  Supply Depot  
  20  1:57  SCV  
  21  2:04  Reaper  
  22  2:09  SCV  
  23  2:20  Cyclone  
  23  2:22  SCV  
  27  2:23  Starport  
  27  2:34  Supply Depot, SCV  
  28  2:42  Barracks Tech Lab  
  28  2:46  SCV  
  29  2:55  Cyclone  
  29  2:58  SCV  
  33  3:02  Supply Depot  
  33  3:13  Banshee  
  33  3:14  Barracks Reactor  
  33  3:16  SCV  
  37  3:29  SCV  
  37  3:39  Command Center  
  38  3:41  SCV  
  38  3:43  Factory Tech Lab  
  38  3:44  Factory Tech Lab  
  38  3:49  Factory Tech Lab  
  38  3:53  SCV  
  39  4:01  Raven  
  41  4:03  Marine x2  
  41  4:05  SCV  
  44  4:10  Supply Depot  
  44  4:14  Refinery  
  44  4:17  SCV  
  44  4:21  Marine x2  
  47  4:31  Siege Tank, SCV  
  51  4:43  SCV  
  52  4:52  Orbital Command  
  43  5:04  SCV  
  43  5:06  Marine  
  44  5:08  Siege Tank, Starport Reactor  
  44  5:10  Stimpack  
  44  5:11  Command Center  
  47  5:16  SCV  
  48  5:23  SCV  
  48  5:24  Marine  
  50  5:29  SCV  
  50  5:30  Barracks  
  50  5:31  Barracks  
  50  5:35  SCV  
  52  5:41  SCV  
  53  5:47  Marine  
  54  5:53  Viking x2  
  54  5:54  Siege Tank  
  61  6:03  SCV  
  61  6:04  SCV  
  61  6:12  Marine  
  59  6:22  SCV x2  
  59  6:23  Marine x2, Barracks Reactor  
  62  6:30  Marine  
  62  6:32  Medivac x2  
  67  6:34  SCV x2  
  67  6:37  Siege Tank  
  67  6:38  Supply Depot  
  67  6:39  Supply Depot  
  72  6:41  Orbital Command  
  72  6:47  SCV  
  72  6:48  SCV  
  72  6:53  Engineering Bay  
  74  6:58  Engineering Bay  
  74  7:00  SCV x2  
  76  7:04  Marine  
  76  7:05  Marine x4  
  76  7:08  SCV  
  82  7:20  SCV x2  
  82  7:21  SCV  
  82  7:22  Terran Infantry Weapons Level 1  
  85  7:25  Terran Infantry Armor Level 1, Refinery  
  85  7:28  Refinery  
  85  7:29  Siege Tank  
  88  7:30  Combat Shields  
  88  7:32  SCV x2  
  88  7:33  Marine  
  88  7:34  Marine x4  
  88  7:36  SCV  
  96  7:41  Supply Depot  
  96  7:44  Medivac, SCV x2  
  98  7:48  SCV  
  101  7:54  Supply Depot  
  101  8:01  Marine  
  101  8:02  Medivac, Marine x3  
  101  8:05  SCV x3  
  104  8:17  SCV x3  
  107  8:26  Marine x2  
  107  8:27  Marine x2  
  107  8:33  Supply Depot x2  
  107  8:34  Marine  
  109  8:35  Armory  
  109  8:46  SCV  
  109  8:47  SCV  
  109  8:48  Siege Tank, SCV  
  105  8:58  SCV  
  105  8:59  SCV  
  105  9:00  SCV  
  101  9:02  Medivac  
  101  9:03  Medivac  
  82  9:19  SCV x3  
  82  9:21  Terran Infantry Weapons Level 2  
  82  9:22  Terran Infantry Armor Level 2  
  78  9:26  Siege Tank, Marine  
  78  9:27  Marine x3  
  78  9:28  Marine  
  78  9:31  Barracks, SCV x2  
  79  9:32  Barracks, SCV  
  82  9:38  Medivac x2  
  82  9:45  SCV x2  
  88  9:47  Supply Depot  
  88  9:48  SCV  
  88  9:52  Marine x4  
  91  9:53  Marine  
  94  10:04  SCV x3  
  97  10:09  Siege Tank  
  86  10:22  Marine x2, Barracks Reactor x2  
  86  10:23  Marine x3  
  90  10:32  SCV  
  90  10:33  SCV x2  
  93  10:38  Medivac x2  
  93  10:39  Marine  
  93  10:40  Marine  
  93  10:41  Siege Tank  
  102  10:43  Marine x3  
  105  10:54  Supply Depot  
  105  10:55  Supply Depot  
  105  10:57  Marine  
  105  11:01  Marine x7  
  105  11:02  Marine  
  108  11:09  SCV x3, Missile Turret  
  108  11:10  Missile Turret  
  111  11:13  Siege Tank  
  111  11:15  Marine  
  115  11:19  Marine  
  115  11:21  Marine x7  
  115  11:41  Marine x9  
Show
View Real Time Build Order
Export as new Build Order

UpATree Terran 

Build Orders: 1/1/1, Cyclone Opening, MMM Bio 

Get SALT Encoding   

  12  0:00  SCV  
  13  0:12  SCV  
  14  0:17  Supply Depot  
  14  0:24  SCV  
  15  0:28  Refinery  
  15  0:39  SCV  
  16  0:47  Barracks  
  16  0:52  SCV  
  17  1:05  SCV  
  17  1:09  Refinery  
  18  1:17  SCV  
  20  1:35  Factory  
  20  1:39  Orbital Command  
  19  1:42  Reaper  
  20  1:48  Supply Depot  
  20  2:05  SCV  
  21  2:15  Reaper  
  22  2:17  SCV  
  22  2:19  Starport  
  22  2:30  Cyclone  
  22  2:32  SCV  
  22  2:35  Supply Depot  
  26  2:44  SCV  
  26  2:48  Reaper  
  28  2:56  Medivac, SCV  
  31  3:02  Supply Depot  
  30  3:15  Cyclone  
  30  3:17  SCV  
  31  3:39  Reaper  
  31  3:41  SCV  
  33  3:53  SCV  
  33  4:05  Cyclone  
  33  4:09  Viking  
  38  4:10  Command Center  
  38  4:14  Barracks Reactor  
  38  4:15  SCV  
  39  4:28  SCV  
  39  4:30  Supply Depot  
  40  4:31  Supply Depot  
  32  4:54  Cyclone, Marine x2  
  34  5:06  SCV  
  35  5:07  Barracks  
  35  5:08  Barracks  
  35  5:16  Starport Reactor  
  35  5:18  SCV  
  35  5:20  Engineering Bay  
  36  5:23  Supply Depot  
  36  5:24  Barracks Tech Lab  
  36  5:28  Factory Tech Lab  
  36  5:31  SCV  
  37  5:38  Orbital Command  
  37  5:43  SCV  
  37  5:45  Marine  
  37  5:46  Stimpack  
  39  5:57  Barracks Reactor  
  39  5:58  Barracks Reactor  
  39  5:59  SCV  
  40  6:09  Marine  
  40  6:10  Siege Tank, SCV  
  43  6:30  Marine  
  43  6:31  SCV  
  42  6:33  Medivac, SCV  
  42  6:36  Refinery x2  
  42  6:38  Supply Depot, Marine x3  
  46  6:48  Marine x2  
  46  6:51  SCV  
  49  6:56  Supply Depot  
  49  6:57  Marine x3  
  52  7:02  Siege Tank  
  52  7:06  Marine  
  52  7:07  Marine  
  57  7:09  SCV x2  
  59  7:18  Marine  
  59  7:19  Medivac, Marine x2  
  59  7:21  SCV  
  65  7:27  Marine x2  
  65  7:28  SCV  
  67  7:33  SCV  
  67  7:35  Terran Infantry Weapons Level 1  
  67  7:36  Marine  
  69  7:39  Marine x2  
  71  7:52  Marine x2  
  71  7:54  Marine  
  71  7:56  Siege Tank, Medivac  
  71  7:57  Marine x2  
  81  8:10  Marine x2  
  81  8:12  Marine  
  83  8:17  Marine x2  
  83  8:18  SCV  
  80  8:28  Siege Tank, Marine x2  
  80  8:29  Medivac, SCV  
  80  8:30  Marine  
  80  8:31  SCV  
  90  8:36  Marine x2  
  93  8:41  SCV  
  93  8:43  SCV  
  94  8:52  Marine x2  
  94  8:54  Marine  
  90  8:57  SCV x2  
  90  8:59  Marine  
  90  9:00  Siege Tank  
  90  9:07  Marine  
  90  9:09  SCV  
  77  9:10  Marine  
  58  9:18  Marine x2  
  58  9:19  Medivac x2  
  47  9:28  SCV  
  45  9:32  Siege Tank  
  45  9:34  Marine  
  49  9:44  Marine  
  49  9:45  Combat Shields  
  50  9:46  SCV x2  
  50  9:51  Marine x2  
  54  9:58  SCV  
  54  9:59  Marine  
  54  10:14  Marine x2  
  54  10:15  Medivac  
  54  10:16  Marine x2  
  54  10:17  Siege Tank  
  54  10:20  Marine  
  62  10:30  SCV  
  62  10:32  Marine  
  55  10:41  SCV  
  55  10:42  SCV  
  57  10:49  Command Center  
  57  10:53  Marine x2, SCV  
  56  11:04  Marine x3  
  56  11:05  SCV x2  
  61  11:24  Marine x3  
  55  11:35  Marine  
  55  11:37  Marine  
  56  11:41  SCV x2  
  56  11:42  Marine  
  56  11:46  Barracks  
  59  11:53  SCV  
Tags
 
Add a new tag
Caveats
  • Supply blocks, unpowered buildings, or Contaminate may cause inaccurate times.
  • Supply counts are checked every 10 seconds.